 Dungeon Crawl Stone Soup version 0.30.0-29-ga12c61a403 (webtiles) character file.

Game seed: 15069153898012326095

981 Fecro the Covert (level 7, -8/35 HPs)
             Began as a Spriggan Brigand on June 20, 2023.
             Was an Initiate of Dithmenos.
             Shot with an arrow by a centaur (10 damage)
             ... on level 6 of the Dungeon.
             The game lasted 00:27:37 (5839 turns).

Fecro the Covert (Spriggan Brigand)                 Turns: 5839, Time: 00:27:38

Health: -8/35      AC:  3    Str:  7    XL:     7   Next: 96%
Magic:  8/8        EV: 18    Int: 12    God:    Dithmenos [......]
Gold:   292        SH:  0    Dex: 19    Spells: 6/6 levels left

rFire   . . .        a - +2 dagger
rCold   . . .        (no shield)
rNeg    . . .        b - +0 robe
rPois   .            (helmet restricted)
rElec   .            c - +0 cloak
rCorr   .            (gloves unavailable)
SInv    +            (boots unavailable)
Will    +....        (no amulet)
Stlth   +++++        (no ring)
HPRegen 0.25/turn    (no ring)
MPRegen 0.11/turn

%: no passive effects
@: very quick
A: very small, no large weapons, unfitting armour, see invisible, speed 3
a: Renounce Religion


You were on level 6 of the Dungeon.
You worshipped Dithmenos.
Dithmenos was noncommittal.
You visited 2 branches of the dungeon, and saw 7 of its levels.

You collected 292 gold pieces.

Inventory:

Hand Weapons
 a - a +2 dagger (weapon)
Missiles
 d - 10 poisoned darts (quivered)
 f - 50 stones
 r - 3 boomerangs
 x - a curare-tipped dart
Armour
 b - a +0 robe (worn)
 c - a +0 cloak (worn)
Jewellery
 j - a +6 ring of intelligence
Wands
 l - a wand of roots (52)
 o - a wand of acid (8)
 y - a wand of digging (4)
Scrolls
 k - 3 scrolls of fear
 m - 2 scrolls of blinking
 n - 3 scrolls of poison
 p - 3 scrolls of teleportation
 s - a scroll of brand weapon {unknown}
 v - a scroll of immolation {unknown}
 w - a scroll of enchant armour {unknown}
Potions
 e - a potion of magic {unknown}
 g - a potion of invisibility {unknown}
 h - 3 potions of curing {unknown}
 i - a potion of ambrosia {unknown}
 q - 4 potions of lignification {unknown}
 t - a potion of heal wounds {unknown}
 u - a potion of degeneration {unknown}
 z - a potion of mutation {unknown}


   Skills:
 + Level 2.2 Fighting
 + Level 4.3 Short Blades
 * Level 5.3 Throwing
 + Level 3.2 Dodging
 * Level 11.1 Stealth


You had 6 spell levels left.
You didn't know any spells.
Your spell library contained the following spells:

 Spells                   Type           Power      Damage    Failure   Level
 Slow                     Hex            0%         N/A       32%         1
 Blink                    Tloc           0%         N/A       45%         2
 Sublimation of Blood     Necr           0%         N/A       45%         2
 Wereblood                Tmut           0%         N/A       45%         2
 Confusing Touch          Hex            0%         N/A       69%         3
 Vampiric Draining        Necr           0%         2d6       69%         3
 Cause Fear               Hex            0%         N/A       97%         4
 Manifold Assault         Tloc           0%         N/A       97%         4
 Dragon Form              Tmut           0%         N/A       100%        7
 Storm Form               Tmut/Air       0%         N/A       100%        7
 Summon Hydra             Summ           0%         N/A       100%        7
 Dragon's Call            Summ           0%         N/A       100%        9


Dungeon Overview and Level Annotations

Branches:
Dungeon (6/15)             Temple (1/1) D:6

Altars:
Cheibriados
Dithmenos
Elyvilon
Fedhas
Gozag
Hepliaklqana
Kikubaaqudgha
Makhleb
Nemelex Xobeh
Okawaru
Qazlal
Ru
Sif Muna
Trog
Uskayaw
Vehumet
Wu Jian
Xom
Yredelemnul
Zin


Innate Abilities, Weirdness & Mutations

You are very small and have problems with some larger weapons.
You are too small for most types of armour.
You have supernaturally acute eyesight. (SInv)
You cover ground extremely quickly. (Speed+++)


Message History

Found a stone staircase leading down.
l - a wand of roots (52) (gained 8 charges)
The centaur wields a +0 shortbow.
The centaur shoots an arrow.
The arrow hits you!
The centaur shoots an arrow.
The arrow barely misses you.
The centaur shoots an arrow.
The arrow hits you!
The centaur shoots an arrow.
The arrow misses you.
The centaur shoots an arrow.
The arrow hits you!
* * * LOW HITPOINT WARNING * * *
There is a stone staircase leading up, spattered with blood here.
You climb upwards.
There is a stone staircase leading down here.
You start resting.
HP restored.
You climb downwards.
The centaur shoots an arrow.
The arrow hits you!
The centaur shoots an arrow.
The arrow barely misses you.
There is a stone staircase leading up, spattered with blood here.
Throw: 2 darts (curare)
Press: ? - help, Q - select action, (/) - cycle Shift-Dir - straight line, f - centaur
Aim: a centaur, wielding a +0 shortbow (74% to hit)
You throw a curare-tipped dart.
The curare-tipped dart hits the centaur.
The centaur is poisoned.
The centaur convulses.
The centaur seems to slow down.
The centaur is heavily wounded.
Throw: 12 darts (poison)
Press: ? - help, Q - select action, (/) - cycle Shift-Dir - straight line, f/p - centaur
Aim: a centaur, wielding a +0 shortbow (heavily wounded, very poisoned, slow, 74% to hit)
You throw a poisoned dart.
The poisoned dart completely misses the centaur.
The centaur shoots an arrow.
The arrow hits you!
Throw: 11 darts (poison)
Press: ? - help, Q - select action, (/) - cycle Shift-Dir - straight line, f/p - centaur
Aim: a centaur, wielding a +0 shortbow (heavily wounded, very poisoned, slow, 74% to hit)
You throw a poisoned dart. The poisoned dart hits the centaur!
The centaur looks as sick as possible!
The centaur is heavily wounded.
The centaur shoots an arrow.
The arrow hits you!
* * * LOW HITPOINT WARNING * * *
The centaur shoots an arrow.
The arrow hits you!
You die...

..#.##### #........#
#.... ..#.....#
########.# #....
..#)....# ##### #.#
#####.... ###.....#
#..(# #.# .........
###.##### #...# #.#
####.... .##.# #...#
#.########.... ....#
#..c# #.............
....#
#...################
....#
#..@................
....#
#...############....
....#
#..................#
....#
#######.###########.....
....# #.......########
#....# ....#
#............... #...#8
....# #...............
#...8. .#######
######.......... ####8.
.##....### #..........
#8.


You could see a centaur (extremely poisoned, slow).

Vanquished Creatures
  Edmund (D:4)
  An ice beast (D:4)
  An ogre (D:5)
  A phantom (D:6)
  A scorpion (D:3)
  4 wights
  A hound (D:5)
  An orc priest (D:5)
  A jelly (D:5)
  A sleepcap (D:6)
  Ijyb (D:5)
  Natasha (twice) (D:3)
  An orc wizard (D:4)
  4 adders
  A shadow imp (D:6)
  A white imp (D:5)
  An ufetubus (D:5)
  A worm (D:2)
  2 dart slugs
  12 orcs
  5 endoplasms
  3 giant cockroaches
  7 goblins
  11 hobgoblins
  6 jackals
  4 kobolds
  A quokka (D:2)
  4 ball pythons
  4 bats
  4 frilled lizards
  4 rats
92 creatures vanquished.

Notes
Turn   | Place    | Note
-------+----------+-------------------------------------------
     0 | D:1      | Fecro the Spriggan Brigand began the quest for the Orb.
     0 | D:1      | Reached XP level 1. HP: 10/10 MP: 2/2
    32 | D:1      | Reached skill level 6 in Stealth
    66 | D:1      | Reached XP level 2. HP: 14/14 MP: 3/3
   363 | D:1      | Reached skill level 7 in Stealth
   941 | D:2      | Reached XP level 3. HP: 14/18 MP: 4/4
  1168 | D:2      | You fall into a shaft and drop 2 floors!
  1486 | D:2      | Found a faded altar of an unknown god.
  2414 | D:3      | Noticed Natasha
  2421 | D:3      | Killed Natasha
  2422 | D:3      | Reached XP level 4. HP: 23/23 MP: 5/5
  2482 | D:3      | Reached skill level 8 in Stealth
  2631 | D:3      | Noticed Natasha
  2649 | D:3      | Killed Natasha
  2883 | D:4      | Noticed a scorpion
  2928 | D:3      | Killed a scorpion
  2929 | D:3      | Reached XP level 5. HP: 26/26 MP: 6/6
  3151 | D:4      | Reached skill level 9 in Stealth
  3434 | D:5      | Entered Level 5 of the Dungeon
  3434 | D:5      | Noticed a phantom
  3434 | D:5      | Found a burning altar of Makhleb.
  3434 | D:5      | Found an iron altar of Okawaru.
  3434 | D:5      | Found a basalt altar of Yredelemnul.
  3488 | D:5      | Noticed Ijyb
  3491 | D:5      | Killed Ijyb
  3519 | D:5      | Noticed an ogre
  3529 | D:5      | Noticed Edmund
  3620 | D:4      | Killed Edmund
  3621 | D:4      | Reached XP level 6. HP: 30/30 MP: 7/7
  4184 | D:5      | Reached skill level 10 in Stealth
  4232 | D:5      | Identified the staff of fire "Cufor" {rF+ rN+ Str-5 Dex+4}
  4350 | D:4      | Reached XP level 7. HP: 32/35 MP: 8/8
  5073 | D:5      | Reached skill level 5 in Throwing
  5206 | D:6      | Reached skill level 11 in Stealth
  5243 | D:6      | Found an opulent altar of Gozag.
  5542 | D:6      | Found a staircase to the Ecumenical Temple.
  5555 | Temple   | Entered the Ecumenical Temple
  5633 | Temple   | Became a worshipper of Dithmenos the Shadowed
  5839 | D:6      | Shot with an arrow by a centaur

Illustrated notes

Levels and vault maps discovered:
D:1:      ncdulo_lavacross, layout_basic, minmay_misc_feat_square,
          minmay_gold_behind_fungi
D:2:      layout_basic, hellmonk_ecumenical_altar_heavens_door
D:3:      layout_loops_cross, uniq_natasha
D:4:      layout_rooms
D:5:      nicolae_cairo_tiling, layout_gridville,
          chequers_temple_overflow_statue_of_worship, uniq_edmund, uniq_ijyb
D:6:      layout_basic, nicolae_ashenzari_panopticon,
          mainiacjoe_overflow_six_doors_small, minmay_temple_entry_statues
Temple:   eino_temple_rhombus

Skill      XL: |  1  2  3  4  5  6  7 |
---------------+----------------------+-----
Stealth        | 6 7 8 9 10 11 | 11.1
Short Blades   | 3 4 |  4.3
Dodging        | 2 3 |  3.2
Fighting       | 2 |  2.2
Throwing       | 3 5 |  5.3

Action                     |  1- 3 |  4- 6 |  7- 9 || total
---------------------------+-------+-------+-------++-------
  Melee: Dagger            |   152 |   117 |    63 ||   332
         Punch             |     2 |       |     1 ||     3
         Unarmed           |       |     1 |       ||     1
  Throw: Dart              |     1 |    19 |     3 ||    23
         Boomerang         |       |    27 |    39 ||    66
    Use: Scroll            |       |       |     5 ||     5
   Stab: Sleeping          |    11 |     8 |     8 ||    27
 Armour: Robe              |    24 |    11 |     2 ||    37
  Dodge: Dodged            |    86 |    58 |    33 ||   177
